 Dungeon Crawl Stone Soup version 0.26-a0-489-g112e8ad46e (webtiles) character file.

Game seed: 6092280637224380228

1393 KristoblXynda the Ruffian (level 8, -1/67 HPs)
             Began as a Troll Hedge Wizard on Aug 3, 2020.
             Killed by divine providence
             ... invoked by an orc priest
              (15 damage)
             ... on level 6 of the Dungeon.
             The game lasted 00:11:22 (4243 turns).

KristoblXynda the Ruffian (Troll Hedge Wizard)      Turns: 4243, Time: 00:11:23

Health: -1/67      AC:  7    Str: 19    XL:     8   Next: 41%
Magic:  10/10      EV: 26    Int: 12    God:
Gold:   241        SH:  0    Dex:  9    Spells: 7/11 levels left

rFire    . . .     SeeInvis .     - Unarmed
rCold    . . .     Faith    .   (no shield)
rNeg     . . .     Spirit   .   k - +0 robe {MR+}
rPois    .         Reflect  .   c - +0 hat
rElec    .         Harm     .   d - +0 cloak
rCorr    .                      (gloves unavailable)
MR       +....                  (boots unavailable)
Stlth    +.........             o - amulet of the acrobat
HPRegen  0.61/turn              (no ring)
MPRegen  0.12/turn              (no ring)

@: acrobat
A: large, unfitting armour, claws 3, regeneration 1, shaggy fur 1, tough skin 3
a: no special abilities


You were on level 6 of the Dungeon.
You visited 1 branch of the dungeon, and saw 6 of its levels.

You collected 241 gold pieces.

Inventory:

Armour
 a - +1 gold dragon scales
 c - a +0 hat (worn)
 d - a +0 cloak (worn)
 k - a +0 robe of magic resistance (worn)
Jewellery
 b - an uncursed amulet of regeneration {unknown}
 o - an amulet of the acrobat (around neck)
 p - an uncursed amulet of faith
Wands
 q - a wand of enslavement (6)
Scrolls
 e - 3 scrolls of remove curse
 f - 4 scrolls of amnesia
 h - 6 scrolls of teleportation
 r - a scroll of noise {unknown}
 s - a scroll of identify
 t - a scroll of fear {unknown}
Potions
 g - 3 potions of haste
 i - 6 potions of curing
 j - a potion of cancellation {unknown}
 l - a potion of might
 m - 2 potions of lignification
 n - a potion of heal wounds {unknown}


   Skills:
 + Level 5.2 Dodging
 - Level 1.0 Stealth
 + Level 5.8 Unarmed Combat
 - Level 2.0 Spellcasting
 + Level 4.4 Conjurations
   Level 0.6 Summonings
   Level 0.6 Translocations


You had 7 spell levels left.
You knew the following spells:

 Your Spells              Type           Power        Failure   Level
a - Magic Dart            Conj           ##..         4%          1
b - Mephitic Cloud        Conj/Pois/Air  #.......     41%         3

Your spell library contained the following spells:

 Spells                   Type           Power        Failure   Level
 Blink                    Tloc           N/A          32%         2
 Call Imp                 Summ           #.......     32%         2
 Conjure Flame            Conj/Fire      #.......     32%         3
 Corpse Rot               Necr/Air       N/A          38%         2
 Slow                     Hex            #.......     38%         2
 Sublimation of Blood     Necr           #.........   38%         2
 Dispel Undead            Necr           #.......     95%         4
 Agony                    Necr           #.......     100%        5
 Excruciating Wounds      Necr           #.........   100%        5


Dungeon Overview and Level Annotations

Branches:
Dungeon (6/15)
 Temple: D:4-7

Altars:
Gozag
Sif Muna
Wu Jian
The Shining One

Shops:
D:4 :**(*

Annotations:
D:4 Blork the orc


Innate Abilities, Weirdness & Mutations

You are too large for most types of armour.
You have claws for hands.
Your natural rate of healing is unusually fast.
You are covered in fur. (AC +1)
You have extremely tough skin. (AC +3)


Message History

You mangle the orc priest!!
You kill the orc priest!
You scratch the orc priest but do no damage.
You barely miss the orc priest.
The orc priest calls down the wrath of Beogh upon you.
You resist with some effort.
You closely miss the orc priest.
The orc priest hits you but does no damage.
You are electrocuted!
The orc warrior hits you from afar with a +0 glaive!
You claw the orc priest!
The orc priest is severely wounded.
The orc priest hits you with a +1 hand axe of electrocution.
You are electrocuted!!
* * * LOW HITPOINT WARNING * * *
The orc shouts!
Unknown command.
The orc priest mumbles some strange prayers to Beogh against you.
Beogh smites you!
You die...

. #... .....# .. # ####
#####.####....###.### # #..#
##.#...........#......
#..####..^..........##......
###........#..........#.......
##....#####.#..................
....#.#####............#.....o.
..............................o
...##.##........@####..o....(..
.##......#.....(...oo.###......
.##.....##......####### [.<..
.##.....##..>...# ####
.##.....##......#
.#########......# ## ########


You could see an orc warrior and an orc priest.

Vanquished Creatures
  Grinder (D:4)
  Edmund (D:4)
  A water moccasin (D:5)
  A sky beast (D:5)
  A quasit (D:5)
  A bullfrog zombie (D:5)
  2 hounds
  A jelly (D:5)
  7 orc priests
  6 orc wizards
  A bullfrog skeleton (D:5)
  4 worker ants
  A killer bee zombie (D:6)
  6 adders
  2 white imps (D:6)
  An ufetubus (D:5)
  An ooze (D:3)
  An adder skeleton (D:4)
  5 worms
  4 dart slugs
  3 leopard geckos
  23 orcs
  16 bats
  4 giant cockroaches
  11 goblins
  6 hobgoblins
  7 jackals
  3 kobolds
  2 quokkas
  6 frilled lizards
  9 rats
138 creatures vanquished.

Notes
Turn   | Place    | Note
-------+----------+-------------------------------------------
     0 | D:1      | KristoblXynda the Troll Hedge Wizard began the quest for
                  | the Orb.
     0 | D:1      | Reached XP level 1. HP: 16/16 MP: 2/2
    69 | D:1      | You fall into a shaft and drop 1 floor!
    75 | D:2      | Reached skill level 1 in Conjurations
    80 | D:2      | Reached XP level 2. HP: 24/24 MP: 4/4
   113 | D:2      | Reached skill level 1 in Unarmed Combat
   186 | D:2      | Reached XP level 3. HP: 31/31 MP: 5/5
   319 | D:2      | Found an ornate altar of the Wu Jian Council.
   652 | D:1      | Reached XP level 4. HP: 39/39 MP: 6/6
  1365 | D:3      | Reached XP level 5. HP: 39/45 MP: 7/7
  1823 | D:3      | Noticed an orc warrior
  2037 | D:4      | Found Foirromm's General Store.
  2056 | D:4      | Reached XP level 6. HP: 50/53 MP: 8/8
  2075 | D:4      | Noticed Edmund
  2096 | D:4      | Killed Edmund
  2427 | D:4      | Found Hoeptava's General Store.
  2451 | D:4      | Reached XP level 7. HP: 45/59 MP: 9/9
  2512 | D:4      | Found Sawk's General Store.
  2520 | D:4      | Found Giwo's Weapon Boutique.
  2554 | D:4      | Noticed Grinder
  2558 | D:4      | Paralysed by Grinder for 6 turns
  2585 | D:4      | Killed Grinder
  2817 | D:4      | Found Xeevat's Book Shoppe.
  3032 | D:4      | Noticed Blork the orc
  3042 | D:4      | Found a shimmering blue altar of Sif Muna.
  3102 | D:5      | Entered Level 5 of the Dungeon
  3291 | D:5      | Reached skill level 5 in Unarmed Combat
  3414 | D:5      | Reached XP level 8. HP: 58/67 MP: 10/10
  3458 | D:5      | Learned a level 3 spell: Mephitic Cloud
  3768 | D:5      | Reached skill level 5 in Dodging
  4049 | D:6      | Found an opulent altar of Gozag.
  4097 | D:6      | Found a glowing golden altar of the Shining One.
  4243 | D:6      | Killed from afar by an orc priest

Illustrated notes

Levels and vault maps discovered:
D:1:      dpeg_arrival_boxorama, layout_rooms
D:2:      minmay_alternating_diamond, layout_basic, lemuel_crystal_altar
D:3:      minmay_bubble_buster, layout_basic, st_stairs_5
D:4:      layout_basic, tgw_sif, serial_shops, nicolae_shop_behind_doors,
          nicolae_shop_temple_entry_statues_fountains, kennysheep_mini,
          nicolae_shop_crystal, shop, minmay_pentomino_pile, uniq_edmund,
          uniq_grinder
D:5:      layout_loops_ring
D:6:      layout_rooms, lemuel_coloured_pillars_altar, grunt_gozag_statues,
          basic_altar, chequers_serial_rivers_micro_a, tso_metal_star

Skill      XL: |  1  2  3  4  5  6  7  8 |
---------------+-------------------------+-----
Conjurations   | 1 2 3 4 |  4.4
Unarmed Combat | 1 2 3 4 5 |  5.8
Dodging        | 2 3 4 5 |  5.2
Stealth        | |  1.0
Spellcasting   | |  2.0
Summonings     | |  0.6
Translocations | |  0.6

Action                   |  1- 3 |  4- 6 |  7- 9 || total
-------------------------+-------+-------+-------++-------
Melee: Unarmed           |   117 |   264 |   174 ||   555
       Punch             |       |     3 |     2 ||     5
  Use: Scroll            |       |    12 |     2 ||    14
       Potion            |       |       |     1 ||     1
 Stab: Sleeping          |     1 |       |     2 ||     3
       Distracted        |       |     1 |       ||     1
Armor: Robe              |    68 |   140 |    67 ||   275
       Skin              |       |       |     3 ||     3
Dodge: Dodged            |    91 |   188 |    94 ||   373

Table legend: (Time is in decaauts)
 A = Elapsed time spent in this place.
 B = Non-inter-level travel time spent in this place.
 C = Inter-level travel time spent in this place.
 D = Time resting spent in this place.
 E = Time spent auto-exploring this place.
 F = Levels seen in this place.
 G = Mean time per level.
                   A        B        C        D        E       F      G
               +--------+--------+--------+--------+--------+-----+--------+
         Total |   4210 |   4113 |     97 |    754 |   2016 |   6 |  701.7 |
       Dungeon |   4210 |   4113 |     97 |    754 |   2016 |   6 |  701.7 |
               +--------+--------+--------+--------+--------+-----+--------+

Top non-repeatable levels by time:
     D:4: 1103 daAuts
     D:5: 931 daAuts
     D:3: 866 daAuts
     D:1: 569 daAuts
     D:2: 542 daAuts
     D:6: 197 daAuts
